 Dungeon Crawl Stone Soup version 0.28.0-45-g0d030f2227 (webtiles) character file.

Game seed: 10735835128320675112

2002 Ablot the Cutter (level 9, 0/58 HPs)
             Began as a Gnoll Chaos Knight on Apr 15, 2022.
             Was a Plaything of Xom.
             Slain by a gnoll
             ... wielding a +0 club
              (1 damage)
             ... on level 7 of the Dungeon.
             The game lasted 00:10:51 (5239 turns).

Ablot the Cutter (Gnoll Chaos Knight)               Turns: 5239, Time: 00:10:51

Health: 0/58       AC: 12    Str: 11    XL:     9   Next: 22%
Magic:  15/15      EV: 13    Int: 13    God:    Xom [.....*]
Gold:   401        SH:  0    Dex: 11    Spells: 14/16 levels left

rFire   . . .      SeeInvis .   q - +4 quarterstaff (chaos)
rCold   + . .      Faith    .   (shield currently unavailable)
rNeg    + . .      Spirit   .   b - +2 leather armour of Jocular Satisfaction {rN+ Regen+ Stlth+}
rPois   .          Reflect  .   o - +2 helmet
rElec   .          Harm     .   r - +1 cloak
rCorr   .          Rampage  .   (no gloves)
Will    .....                   z - +0 pair of boots
Stlth   +++.......              (no amulet)
HPRegen 0.99/turn               s - ring of protection from cold
MPRegen 0.14/turn               D - +4 ring of slaying

@: unable to read
A: fangs 1, strong nose, distributed training, frail 2, weak 2, inability to
read while threatened
a: Renounce Religion


You were on level 7 of the Dungeon.
You worshipped Xom.
You were Xom's teddy bear.
You visited 1 branch of the dungeon, and saw 7 of its levels.

You collected 494 gold pieces.
You spent 93 gold pieces at shops.

Inventory:

Hand Weapons
 a - a +0 short sword of chaos
 q - a +4 quarterstaff of chaos (weapon)
Missiles
 d - 15 sling bullets
 g - 262 stones
 i - 42 bolts
 j - 7 poisoned darts (quivered)
 m - 39 arrows
 n - a boomerang
 p - 3 silver boomerangs
 u - 4 curare-tipped darts
 I - a throwing net
Armour
 b - the +2 leather armour of Jocular Satisfaction (worn) {rN+ Regen+ Stlth+}
   (You found it on level 3 of the Dungeon)

   rN:        It protects you from negative energy.
   Regen:     It increases your rate of health regeneration.
   Stlth:     It makes you more stealthy.
 o - a +2 helmet (worn)
 r - a +1 cloak (worn)
 z - a +0 pair of boots (worn)
 G - a +2 leather armour of fire resistance
Magical Staves
 A - a staff of air
Jewellery
 s - a ring of protection from cold (left hand)
 D - a +4 ring of slaying (right hand)
Scrolls
 e - 2 scrolls of fear {unknown}
 h - 4 scrolls of teleportation {unknown}
 l - 4 scrolls of identify {unknown}
 t - a scroll of magic mapping {unknown}
 v - 3 scrolls of immolation {unknown}
 w - a scroll of vulnerability {unknown}
 x - a scroll of amnesia {unknown}
 y - a scroll of enchant weapon {unknown}
 B - a scroll of enchant armour {unknown}
 H - a scroll of brand weapon {unknown}
Potions
 c - a potion of invisibility {unknown}
 f - 3 potions of mutation {unknown}
 k - 3 potions of attraction {unknown}
 C - a potion of curing {unknown}
 E - a potion of brilliance
 F - a potion of magic {unknown}


   Skills:
 + Level 7.7 Fighting
 + Level 7.7 Short Blades
 + Level 4.0 Long Blades
 + Level 4.0 Axes
 + Level 4.0 Maces & Flails
 + Level 4.0 Polearms
 + Level 4.0 Staves
 + Level 4.0 Slings
 + Level 4.0 Bows
 + Level 4.0 Crossbows
 + Level 4.0 Throwing
 + Level 6.1 Armour
 + Level 4.8 Dodging
 + Level 4.0 Stealth
 + Level 4.0 Shields
 + Level 4.0 Unarmed Combat
 + Level 4.0 Spellcasting
 + Level 3.3 Conjurations
 + Level 3.3 Hexes
 + Level 3.3 Summonings
 + Level 3.3 Necromancy
 + Level 3.3 Translocations
 + Level 3.3 Transmutations
 + Level 3.3 Fire Magic
 + Level 3.3 Ice Magic
 + Level 3.3 Air Magic
 + Level 3.3 Earth Magic
 + Level 3.3 Poison Magic
 + Level 4.4 Invocations
 + Level 4.0 Evocations


You had 14 spell levels left.
You knew the following spells:

 Your Spells              Type           Power      Damage    Failure   Level
a - Wereblood             Tmut           11%        N/A       11%         2

Your spell library contained the following spells:

 Spells                   Type           Power      Damage    Failure   Level
 Sublimation of Blood     Necr           11%        N/A       11%         2
 Summon Hydra             Summ           5%         N/A       100%        7
 Chain Lightning          Conj/Air       5%         3d7       100%        9
 Fire Storm               Conj/Fire      5%         8d2       100%        9
 Shatter                  Erth           5%         3d8*      100%        9


Dungeon Overview and Level Annotations

Branches:
Dungeon (7/15)             Temple (0/1) D:6

Altars:
Vehumet
Xom

Shops:
D:2 *

Annotations:
D:6 exclusion: statue


Innate Abilities, Weirdness & Mutations

You have very sharp teeth.
Your uncanny sense of smell can sniff out nearby items.
Your experience applies equally to all skills.
You are very frail. (-20% HP)
You are very weak. (Str -4)
You sometimes lose the ability to read scrolls when taking damage.


Message History

The frilled lizard barely misses you.
The kobold demonologist hits you but does no damage.
The gnoll barely misses you. The orange demon barely misses you.
You sock the kobold demonologist!
The kobold demonologist appears confused.
The kobold demonologist is moderately wounded.
You feel less confused. The orc barely misses you.
The gnoll hits you from afar with a +0 spear.
The frilled lizard bites you.
The kobold demonologist hits the white imp but does no damage.
The kobold demonologist hits itself but does no damage.
The orc hits you with a +0 mace. The orange demon barely misses you.
The gnoll misses you.
You thump the kobold demonologist!
The kobold demonologist is heavily wounded.
The sixfirhy hits you. The sixfirhy shocks you!
You feel threatened and lose the ability to read scrolls!
The orc hits you but does no damage.
The kobold demonologist mumbles some strange words.
The gnoll hits you but does no damage. The orc hits you but does no damage.
The sixfirhy hits you but does no damage.
The orange demon stings you from afar!
You sock the kobold demonologist!
The kobold demonologist suddenly seems more agile.
The kobold demonologist is severely wounded.
The sixfirhy hits you but does no damage.
The sixfirhy hits you.
* * * LOW HITPOINT WARNING * * *
The sixfirhy shocks you!
* * * LOW HITPOINT WARNING * * *
The sixfirhy hits you but does no damage.
The orc hits you with a +0 falchion.
* * * LOW HITPOINT WARNING * * *
Xom thinks this is hilarious!
The sixfirhy hits you but does no damage.
The kobold demonologist hits the quasit but does no damage.
The gnoll hits you with a +0 club.
You die...
Xom thinks this is hilarious!

...# #. #...#
#. #..... #.#
...... ##..
K5K..=
#...###5KKKK.
#..go@K#
#..gl3g#
#..go4<#
..........#
..........#
..........#
..........#
..........#
.##.......#


You could see an orange demon (summoned), 3 kobold demonologists, a sixfirhy
(summoned), a kobold brigand, a quasit (summoned), 4 gnolls, a white imp
(summoned), 2 orcs, 2 kobolds and a frilled lizard (agile).

Vanquished Creatures
  A guardian serpent (shapeshifter) (D:3)
  Sigmund (D:4)
  A yak (D:6)
  Eustachio (D:6)
  Edmund (D:5)
  A water moccasin (D:4)
  A black bear (D:6)
  A necrophage (D:4)
  An ogre (D:6)
  A phantom (D:6)
  A gnoll sergeant (D:6)
  A scorpion (D:6)
  2 water moccasin skeletons
  A bullfrog zombie (D:6)
  2 jellies (D:4)
  2 hounds
  Crazy Yiuf (D:3)
  2 centaur skeletons
  An orc priest (D:3)
  An orc wizard (D:7)
  12 gnolls
  3 adders
  A white imp (D:6)
  An ufetubus (D:5)
  A worm (D:2)
  5 dart slugs
  8 orcs
  7 endoplasms
  4 giant cockroaches
  11 goblins
  5 hobgoblins
  2 iguanas (D:4)
  3 jackals (D:1)
  4 quokkas
  4 ball pythons
  A bat (D:3)
  4 frilled lizards
  5 kobolds
  A rat (D:1)
106 creatures vanquished.

Vanquished Creatures (collateral kills)
  A bullfrog zombie (D:6)
  A centaur skeleton (D:6)
  An orc wizard (D:3)
  Robin (D:3)
  4 orcs
  2 hobgoblins (D:3)
10 creatures vanquished.

Vanquished Creatures (others)
  Jessica (D:3)
  An orc (D:6)
  2 fungi (D:3)
4 creatures vanquished.

Grand Total: 120 creatures vanquished

Notes
Turn   | Place    | Note
-------+----------+-------------------------------------------
     0 | D:1      | Ablot the Gnoll Chaos Knight began the quest for the Orb.
     0 | D:1      | Reached XP level 1. HP: 23/23 MP: 1/1
   127 | D:1      | XOM: silly message
   206 | D:1      | Reached XP level 2. HP: 29/29 MP: 2/2
   262 | D:1      | Found a faded altar of an unknown god.
   656 | D:2      | XOM: silly message
   709 | D:2      | Found Eleuhuxy's Assorted Antiques.
   714 | D:2      | Bought a coppery potion for 21 gold pieces
   714 | D:2      | Bought a scroll labelled HOZYZI KUYFETA for 24 gold pieces
   784 | D:2      | XOM: divination: detect items
   911 | D:2      | XOM: silly message
   943 | D:2      | Reached XP level 3. HP: 31/35 MP: 3/3
  1021 | D:2      | XOM: scenery: 1 doors close
  1173 | D:3      | Noticed Robin
  1182 | D:3      | Reached skill level 1 in Invocations
  1194 | D:3      | XOM: summons 2 friendly demons
  1196 | D:3      | HP: 1/35 [orc/+0 hand axe (3)]
  1204 | D:3      | Reached skill level 1 in Long Blades
  1204 | D:3      | Reached skill level 1 in Axes
  1204 | D:3      | Reached skill level 1 in Maces & Flails
  1204 | D:3      | Reached skill level 1 in Polearms
  1204 | D:3      | Reached skill level 1 in Staves
  1204 | D:3      | Reached skill level 1 in Slings
  1204 | D:3      | Reached skill level 1 in Bows
  1204 | D:3      | Reached skill level 1 in Crossbows
  1204 | D:3      | Reached skill level 1 in Throwing
  1204 | D:3      | Reached skill level 1 in Stealth
  1204 | D:3      | Reached skill level 1 in Shields
  1204 | D:3      | Reached skill level 1 in Unarmed Combat
  1204 | D:3      | Reached skill level 1 in Spellcasting
  1204 | D:3      | Reached skill level 1 in Evocations
  1204 | D:3      | Reached XP level 4. HP: 22/41 MP: 5/5
  1206 | D:3      | Killed Robin
  1238 | D:3      | HP: 2/41 [orc/+0 whip (2)]
  1241 | D:3      | XOM: summons friendly ufetubus
  1242 | D:3      | Reached skill level 1 in Conjurations
  1242 | D:3      | Reached skill level 1 in Hexes
  1242 | D:3      | Reached skill level 1 in Summonings
  1242 | D:3      | Reached skill level 1 in Necromancy
  1242 | D:3      | Reached skill level 1 in Translocations
  1242 | D:3      | Reached skill level 1 in Transmutations
  1242 | D:3      | Reached skill level 1 in Fire Magic
  1242 | D:3      | Reached skill level 1 in Ice Magic
  1242 | D:3      | Reached skill level 1 in Air Magic
  1242 | D:3      | Reached skill level 1 in Earth Magic
  1242 | D:3      | Reached skill level 1 in Poison Magic
  1245 | D:3      | Reached XP level 5. HP: 33/47 MP: 6/6
  1376 | D:3      | Found a runed translucent door.
  1377 | D:3      | Noticed Crazy Yiuf
  1392 | D:3      | Killed Crazy Yiuf
  1491 | D:3      | XOM: destruction
  1522 | D:3      | Noticed Jessica
  1526 | D:3      | Noticed a glowing shapeshifter
  1526 | D:3      | an adder changed into a glowing shapeshifter
  1526 | D:3      | XOM: polymorph adder -> glowing shapeshifter
  1526 | D:3      | Noticed a two-headed ogre
  1526 | D:3      | a glowing shapeshifter changed into a two-headed ogre
  1527 | D:3      | Noticed a torpor snail
  1527 | D:3      | a two-headed ogre changed into a torpor snail
  1528 | D:3      | XOM: scenery: summon butterflies
  1530 | D:3      | Killed Jessica
  1530 | D:3      | XOM: divine lightning
  1531 | D:3      | Noticed a glowing shapeshifter
  1531 | D:3      | a torpor snail changed into a glowing shapeshifter
  1532 | D:3      | Noticed a faun
  1532 | D:3      | a glowing shapeshifter changed into a faun
  1533 | D:3      | Noticed a manticore
  1533 | D:3      | a faun changed into a manticore
  1534 | D:3      | Noticed a shining eye
  1534 | D:3      | a manticore changed into a shining eye
  1543 | D:3      | XOM: cast spell 'Necromutation'
  1545 | D:3      | Noticed an elephant
  1547 | D:3      | Noticed a komodo dragon
  1547 | D:3      | an elephant changed into a komodo dragon
  1548 | D:3      | XOM: summons 2 friendly demons
  1548 | D:3      | Noticed a guardian serpent
  1548 | D:3      | a komodo dragon changed into a guardian serpent
  1549 | D:3      | XOM: scenery: summon butterflies
  1552 | D:3      | Killed a guardian serpent
  1553 | D:3      | Reached skill level 5 in Armour
  1553 | D:3      | Reached XP level 6. HP: 21/53 MP: 7/9
  1725 | D:3      | XOM: divination: detect items
  1931 | D:3      | XOM: god gift: ring mail {god gift}
  2040 | D:3      | XOM: give mutation
  2040 | D:3      | Gained mutation: You are frail. (-10% HP) [Xom's mischief]
  2048 | D:3      | XOM: scenery: 2 doors close
  2171 | D:3      | Identified the +2 leather armour of Jocular Satisfaction
                  | {rN+ Regen+ Stlth+}
  2283 | D:3      | XOM: god gift: 37 gold pieces
  2408 | D:2      | Bought a scroll labelled HOZYZI KUYFETA for 24 gold pieces
  2408 | D:2      | Bought a scroll labelled XUEDISIRIO for 24 gold pieces
  2561 | D:4      | Reached XP level 7. HP: 53/53 MP: 10/10
  2598 | D:4      | XOM: fog
  2630 | D:4      | Found a shimmering altar of Xom.
  2782 | D:4      | XOM: summons 1 hostile demon
  2943 | D:4      | Noticed Sigmund
  2985 | D:4      | Killed Sigmund
  2986 | D:4      | Reached XP level 8. HP: 50/60 MP: 12/12
  3427 | D:5      | Entered Level 5 of the Dungeon
  3466 | D:5      | XOM: silly message
  3501 | D:5      | XOM: summons 5 hostile demons
  3711 | D:5      | XOM: scenery: summon butterflies
  3804 | D:5      | XOM: 1-stop teleportation journey
  3966 | D:5      | Learned a level 2 spell: Wereblood
  3976 | D:5      | Noticed Edmund
  3987 | D:5      | Killed Edmund
  4328 | D:5      | XOM: silly message
  4413 | D:6      | Noticed a yak
  4434 | D:6      | Killed a yak
  4458 | D:6      | XOM: give mutations
  4458 | D:6      | Gained mutation: You are weak. (Str -2) [Xom's mischief]
  4458 | D:6      | Gained mutation: You are very frail. (-20% HP) [Xom's
                  | mischief]
  4476 | D:6      | Found a staircase to the Ecumenical Temple.
  4631 | D:6      | XOM: noise
  4664 | D:6      | XOM: chaos upgrade
  4736 | D:6      | XOM: stat loss: -1 Dex (10/11)
  4819 | D:6      | XOM: divination: magic mapping
  4846 | D:6      | Noticed Eustachio
  4846 | D:6      | XOM: confuse monster(s)
  4854 | D:6      | XOM: summons 7 friendly demons
  4868 | D:6      | Killed Eustachio
  4869 | D:6      | Reached XP level 9. HP: 58/58 MP: 14/14
  4879 | D:6      | Found a radiant altar of Vehumet.
  4879 | D:6      | XOM: give mutations
  4879 | D:6      | Gained mutation: You sometimes lose the ability to read
                  | scrolls when taking damage. [Xom's mischief]
  4879 | D:6      | Gained mutation: You are very weak. (Str -4) [Xom's
                  | mischief]
  5185 | D:6      | XOM: cloud trail
  5228 | D:7      | Noticed a kobold demonologist
  5232 | D:7      | Noticed a kobold demonologist
  5234 | D:7      | Noticed a kobold demonologist
  5235 | D:7      | Noticed an orange demon
  5236 | D:7      | Noticed a sixfirhy
  5239 | D:7      | HP: 1/58 [orc/+0 falchion (4)]
  5239 | D:7      | Slain by a gnoll

Illustrated notes

Levels and vault maps discovered:
D:1:      scummos_arrival_star, layout_basic, ebering_ecumenical_altar_box
D:2:      layout_basic, serial_shops, shop_fountains
D:3:      layout_basic, minmay_crystal_water, minivault_25,
          uniq_crazy_yiuf_cottage, uniq_jessica, uniq_robin
D:4:      layout_loops_corners, dk_xom_monty_hall,
          chequers_serial_rivers_room_a, uniq_sigmund
D:5:      layout_rooms, serial_co_window_serial, co_window_paths_a,
          co_window_corner_a, co_window_paths_b, co_window_corner_a,
          co_window_of_opportunity_a, co_window_corner_a, co_window_corner_a,
          co_window_of_opportunity_a, co_window_paths_b,
          co_window_unsneaky_path_e, co_window_corner_cb, co_window_corner_cb,
          co_window_4corner_b, glass_columns_b, glass_columns_a,
          glass_columns_a, uniq_edmund
D:6:      layout_basic, vehumet_statue, minmay_temple_entry_junction,
          serial_glass, glass_columns_b, glass_columns_b, glass_columns_c,
          minmay_circle_x, uniq_eustachio
D:7:      layout_rooms, general_overflow_altar, serial_shops, shop_fountains,
          ebering_ghost_reflecting_pool

Skill      XL: |  1  2  3  4  5  6  7  8  9 |
---------------+----------------------------+-----
Invocations    | 1 2 3 4 |  4.4
Long Blades    | 1 2 3 4 |  4.0
Axes           | 1 2 3 4 |  4.0
Maces & Flails | 1 2 3 4 |  4.0
Polearms       | 1 2 3 4 |  4.0
Staves         | 1 2 3 4 |  4.0
Slings         | 1 2 3 4 |  4.0
Bows           | 1 2 3 4 |  4.0
Crossbows      | 1 2 3 4 |  4.0
Throwing       | 1 2 3 4 |  4.0
Stealth        | 1 2 3 4 |  4.0
Shields        | 1 2 3 4 |  4.0
Unarmed Combat | 1 2 3 4 |  4.0
Spellcasting   | 1 2 3 4 |  4.0
Evocations     | 1 2 3 4 |  4.0
Conjurations   | 1 2 3 |  3.3
Hexes          | 1 2 3 |  3.3
Summonings     | 1 2 3 |  3.3
Necromancy     | 1 2 3 |  3.3
Translocations | 1 2 3 |  3.3
Transmutations | 1 2 3 |  3.3
Fire Magic     | 1 2 3 |  3.3
Ice Magic      | 1 2 3 |  3.3
Air Magic      | 1 2 3 |  3.3
Earth Magic    | 1 2 3 |  3.3
Poison Magic   | 1 2 3 |  3.3
Dodging        | 3 4 |  4.8
Armour         | 5 6 |  6.1
Fighting       | 7 |  7.7
Short Blades   | 7 |  7.7

Action                   |  1- 3 |  4- 6 |  7- 9 || total
-------------------------+-------+-------+-------++-------
Melee: Short sword       |    84 |    19 |       ||   103
       Bite              |     9 |     6 |    24 ||    39
       Punch             |     2 |     1 |       ||     3
       Quarterstaff      |       |    56 |   175 ||   231
Throw: Dart              |       |     1 |     7 ||     8
 Cast: Wereblood         |       |       |     1 ||     1
  Use: Potion            |     1 |     1 |       ||     2
 Stab: Sleeping          |       |     2 |     8 ||    10
       Petrifying        |       |       |     1 ||     1
       Petrified         |       |       |     1 ||     1
       Confused          |       |       |     1 ||     1
Armor: Leather armour    |    20 |    22 |   121 ||   163
Dodge: Dodged            |    42 |    40 |   139 ||   221
